 Dungeon Crawl Stone Soup version 0.31.0-32-g396128a36d (webtiles) character file.

Game seed: 14821586435408362945

17257 Frisbee the Fighter (level 12, -9/85 HPs)
             Began as an Octopode Shapeshifter on Mar 18, 2024.
             Was an Initiate of Gozag.
             Mangled by a cane toad (16 damage)
             ... on level 1 of the Lair of Beasts.
             The game lasted 00:31:23 (15664 turns).

Frisbee the Fighter (Octopode Shapeshifter)        Turns: 15664, Time: 00:31:23

Health: -9/85      AC:  1    Str: 14    XL:     12   Next: 46%
Magic:  0/16       EV: 19    Int: 28    God:    Gozag
Gold:   1765       SH:  0    Dex: 12    Spells: 6/17 levels left

rFire   . .          .
                       - Unarmed
rCold   . . .        (shield currently unavailable)
rNeg    . . .        D - +0 mask of the Dragon {Will+ Slay+3 SInv}
rPois   +            p - amulet of guardian spirit
rElec   .            I - +6 ring of intelligence
rCorr   .            L - ring of flight
SInv    +            i - +6 ring of intelligence
Will    +....        P - ring of poison resistance
Stlth   +            (no ring)
HPRegen 0.34/turn    (no ring)
MPRegen 0.15/turn    (no ring)
                     (no ring)

%: guardian spirit
@: flux-form, gold aura, flying, glowing
A: glow, contaminating, almost no armour, amphibious, 8 rings, camouflage 1,
gelatinous body 1, (nimble swimmer 1), tentacles
a: Begin Untransformation, Renounce Religion, Potion Petition, Call Merchant,
Bribe Branch


You were on level 1 of the Lair of Beasts.
You worshipped Gozag.
Gozag was most pleased with you.
You were something dangerously unstable.
You visited 3 branches of the dungeon, and saw 13 of its levels.
You also visited: Bailey.

You collected 2858 gold pieces.
You spent 1023 gold pieces at shops.
You paid 70 gold pieces to Gozag.


Innate Abilities, Weirdness & Mutations

You are something dangerously unstable.
You glow with magical radiation, making you easy to see and hit.
Foes you strike become dangerously contaminated with magical radiation.
You are incapable of wielding weapons or throwing items.
You cannot wear most types of armour.
You are amphibious.
You can wear up to eight rings at the same time.
Your skin changes colour to match your surroundings (Stealth+).
Your rubbery body absorbs attacks. (AC +1, EV +1)
((You are camouflaged when in or above water. (Stealth+)))
You have tentacles for arms and can constrict up to eight enemies at once.


   Skills:
 - Level 9.0 Fighting
 - Level 7.0 Dodging
 - Level 9.0 Unarmed Combat
 - Level 3.0 Spellcasting
 - Level 4.0 Conjurations
 - Level 6.0 Hexes
 - Level 6.0 Air Magic
 - Level 5.0 Alchemy
 - Level 3.0 Evocations
 + Level 8.9 Shapeshifting


You had 6 spell levels left.
You knew the following spells:

 Your Spells              Type           Power      Damage    Failure   Level
d - Tukima's Dance        Hex            37%        N/A       1%          3
m - Mephitic Cloud        Conj/Alch/Air  32%        N/A       3%          3
S - Silence               Hex/Air        18%        N/A       19%         5

Your spell library contained the following spells:

 Spells                   Type           Power      Damage    Failure   Level
 Dazzling Flash           Conj/Hex       64%        N/A       3%          3
 Frozen Ramparts          Ice            8%         1d2       24%         3
 Yara's Violent Unravell  Hex/Alch       17%        3d8       24%         5
 Leda's Liquefaction      Alch/Erth      9%         N/A       28%         4
 Petrify                  Alch/Erth      18%        N/A       28%         4
 Metabolic Englaciation   Hex/Ice        10%        N/A       54%         5
 Passage of Golubria      Tloc           4%         N/A       63%         4
 Curse of Agony           Necr           4%         N/A       92%         5
 Lehudib's Crystal Spear  Conj/Erth      7%         10d3      100%        8

Inventory:

Missiles
 d - 13 curare-tipped darts (quivered) {=f}
 t - 2 throwing nets {=f}
 G - 67 poisoned darts
Armour
 D - the +0 mask of the Dragon (worn) {Will+ Slay+3 SInv}
   (You acquired it on level 7 of the Dungeon)

   Slay+3:    It affects your accuracy & damage with ranged weapons and melee
   (+3).
   Will+:     It increases your willpower.
   SInv:      It lets you see invisible.
Jewellery
 i - a +6 ring of intelligence (on tentacle)
 p - an amulet of guardian spirit (around mantle)
 I - a +6 ring of intelligence (left tentacle)
 L - a ring of flight (right tentacle)
 P - a ring of poison resistance (on tentacle)
Talismans
 b - a beast talisman
 c - a flux talisman (active)
Wands
 a - a wand of acid (1)
 g - a wand of flame (13)
 A - a wand of mindburst (5)
 E - a wand of roots (29)
 J - a wand of charming (6)
Scrolls
 f - 4 scrolls of enchant armour
 h - a scroll of immolation {unknown}
 j - 4 scrolls of revelation
 k - 4 scrolls of fear
 l - 5 scrolls of amnesia
 m - 9 scrolls of teleportation {@r2}
 u - a scroll of fog
 v - 3 scrolls of blinking
 x - 2 scrolls of silence {unknown}
 y - a scroll of enchant weapon
 z - 3 scrolls of summoning {unknown}
 C - 2 scrolls of noise {unknown}
 H - a scroll of brand weapon
 K - a scroll of poison
 M - a scroll of vulnerability {unknown}
Potions
 e - 4 potions of curing {@q1}
 n - 2 potions of brilliance
 o - 2 potions of enlightenment
 q - 3 potions of degeneration
 r - 2 potions of attraction
 s - 2 potions of mutation
 w - a potion of cancellation
 B - 2 potions of resistance
 F - a potion of ambrosia

Dungeon Overview and Level Annotations

Branches:
Dungeon (11/15)            Temple (1/1) D:4            Lair (1/5) D:9
    Orc (0/2) D:9          Bailey (visited)

Altars:
Ashenzari
Cheibriados
Dithmenos
Elyvilon
Fedhas
Gozag
Hepliaklqana
Kikubaaqudgha
Makhleb
Nemelex Xobeh
Okawaru
Qazlal
Ru
Sif Muna
Trog
Uskayaw
Vehumet
Wu Jian
Xom
Yredelemnul
Zin
The Shining One

Shops:
D:2 =   D:8 [

Annotations:
D:2 1 runed translucent door, Crazy Yiuf
D:6 3 runed translucent doors, TerraPolaris's ghost, novice MiFi

##....#
#....P# ######
##....#
#....##
#P....###....#
##.....##....#
#....###..).#
#....###....#
#....P##....#
##.§..##
#..§.p.#
#..§F§##
##....# #...○#
#....°#
##.....
#...........
#...........#
......#


You could see a cane toad.


Message History

Nergalle shudders as magic cascades through her!
Nergalle twists and deforms.
Nergalle is severely wounded.
You constrict Nergalle. The cane toad barely misses you.
Nergalle hits you with a +0 dagger.
* * * LOW HITPOINT WARNING * * *
You bludgeon Nergalle!
Nergalle begins to glow.
Nergalle is almost dead.
You constrict Nergalle.
The spectral orc knight hits you with a +0 war axe!!
* * * LOW HITPOINT WARNING * * *
The cane toad stings you.
* * * LOW HITPOINT WARNING * * *
Nergalle gestures at you while chanting.
The bolt of negative energy misses you.
You tentacle-slap Nergalle.
Nergalle glows dangerously bright.
Nergalle is almost dead.
You constrict Nergalle.
You kill Nergalle!
The spectral orc knight disappears in a puff of smoke!
The cane toad barely misses you.
Your life force feels restored.
Unknown command.
Unknown command.
You closely miss the cane toad. Your grab misses the cane toad.
You squeeze the cane toad!
The cane toad is lightly wounded.
The cane toad stings you!
You die...
Your body crumbles into a pile of gold.

Skill      XL: |  1  2  3  4  5  6  7  8  9 10 11 12 |
---------------+-------------------------------------+-----
Fighting       | 2 3 4 5 6 7 9 |  9.0
Shapeshifting  | 4 6 7 8 |  8.9
Alchemy        | 1 2 3 4 5 |  5.0
Conjurations   | 1 2 3 4 |  4.0
Air Magic      | 1 2 4 6 |  6.0
Spellcasting   | 1 3 |  3.0
Unarmed Combat | 4 7 8 9 |  9.0
Dodging        | 4 7 |  7.0
Hexes          | 6 |  6.0
Evocations     | 1 3 |  3.0

Action                     |  1- 3 |  4- 6 |  7- 9 | 10-12 || total
---------------------------+-------+-------+-------+-------++-------
  Melee: Unarmed           |    53 |   145 |   203 |   419 ||   820
         Constrict         |    12 |    33 |    54 |    90 ||   189
         Tentacles         |     8 |    33 |    69 |   154 ||   264
         Punch             |       |     6 |     2 |       ||     8
  Throw: Dart              |       |     1 |       |       ||     1
   Cast: Mephitic Cloud    |       |       |     5 |    18 ||    23
         Tukima's Dance    |       |       |       |    19 ||    19
  Evoke: Wand              |       |       |       |    14 ||    14
    Use: Scroll            |       |     5 |     7 |     9 ||    21
         Potion            |       |       |     2 |     3 ||     5
   Stab: Sleeping          |     2 |     6 |       |       ||     8
         Confused          |       |       |     3 |     6 ||     9
         Distracted        |       |       |       |     2 ||     2
 Armour: Skin              |    16 |    65 |    86 |   193 ||   360
  Dodge: Dodged            |    27 |    74 |   120 |   291 ||   512
   Form: Flux              |       |       |     1 |       ||     1

Levels and vault maps discovered:
D:1:      minmay_arrival_four_circles, layout_basic
D:2:      layout_basic, serial_shops, nicolae_shop_hallway_stairs,
          chequers_serial_rivers_small_a, minmay_randomly_rotated_circles,
          uniq_jessica, uniq_terence, uniq_natasha, uniq_crazy_yiuf_cottage
D:3:      minmay_chambers_of_twos, layout_basic, cheibrodos_worm_habitat,
          trog_hazing_becter
D:4:      wander_river, layout_cave_pools, minmay_temple_entry_slanted,
          serial_shops, nicolae_shop_rolled_up, hangedman_decor_push, uniq_ijyb
D:5:      layout_cave_pods, grunt_ministairs_6, uniq_menkaure, uniq_sigmund
D:6:      layout_basic, gammafunk_ghost_icy, uniq_blork_the_orc
D:7:      layout_cave_pods, enter_bailey_6, uniq_jeremiah, uniq_pikel,
          uniq_joseph
D:8:      layout_rooms, serial_shops, shop_statue, minmay_crystal_room
D:9:      layout_roguey, due_lair_maze_entry_diamond, uniq_erica
D:10:     layout_rooms, chequers_temple_overflow_statue_of_worship, special_room
          [special_room_kobold], kennysheep_generic_room_16, uniq_erolcha,
          uniq_maurice
D:11:     cheibrodos_breeding_chamber, layout_basic, serial_shops,
          nicolae_take_the_stairs, shop, nicolae_shop_pleasant_corner_grove,
          shop, nicolae_shop_waterfront, grunt_ministairs_6,
          minmay_starry_boxes, uniq_urug
Temple:   minmay_temple_bridge_d
Lair:1:   layout_long_grid, kennysheep_abandoned_house, uniq_nergalle,
          uniq_amaemon, uniq_sonja

Notes
Turn   | Place    | Note
-------+----------+-------------------------------------------
     0 | D:1      | Frisbee the Octopode Shapeshifter began the quest for the
                  | Orb.
     0 | D:1      | Reached XP level 1. HP: 13/13 MP: 1/1
   189 | D:1      | Reached skill level 2 in Fighting
   189 | D:1      | Reached XP level 2. HP: 17/19 MP: 2/2
   580 | D:1      | Reached XP level 3. HP: 22/25 MP: 3/3
   629 | D:1      | Reached skill level 3 in Fighting
   928 | D:2      | Noticed Jessica
   933 | D:2      | Killed Jessica
  1002 | D:2      | Noticed Natasha
  1009 | D:2      | Killed Natasha
  1010 | D:2      | Reached XP level 4. HP: 23/31 MP: 4/4
  1137 | D:2      | Noticed Natasha
  1192 | D:2      | Killed Natasha
  1193 | D:2      | Reached XP level 5. HP: 21/37 MP: 5/5
  1289 | D:2      | Noticed Terence
  1296 | D:2      | Killed Terence
  1297 | D:2      | Reached skill level 4 in Fighting
  1297 | D:2      | Reached skill level 4 in Shapeshifting
  1460 | D:2      | Found Wyats's Jewellery Shoppe.
  1472 | D:2      | Noticed Natasha
  1484 | D:2      | Killed Natasha
  1578 | D:2      | Learned a level 3 spell: Mephitic Cloud
  1746 | D:2      | Found a runed translucent door.
  1747 | D:2      | Noticed Crazy Yiuf
  1889 | D:3      | Found a bloodstained altar of Trog.
  2493 | D:3      | Reached XP level 6. HP: 36/43 MP: 6/6
  2570 | D:3      | Found a snail-covered altar of Cheibriados.
  2739 | D:3      | Reached skill level 1 in Alchemy
  2987 | D:4      | Found a staircase to the Ecumenical Temple.
  3032 | Temple   | Entered the Ecumenical Temple
  3101 | Temple   | Became a worshipper of Gozag Ym Sagoz the Greedy
  3220 | D:4      | Reached skill level 1 in Conjurations
  3393 | D:4      | Reached skill level 1 in Air Magic
  3536 | D:4      | Noticed Ijyb
  3543 | D:4      | Killed Ijyb
  3727 | D:4      | Reached skill level 1 in Spellcasting
  3913 | D:4      | Found Toarch's Magic Scroll Emporium.
  3916 | D:4      | Bought a scroll of identify for 26 gold pieces
  3960 | D:5      | Entered Level 5 of the Dungeon
  3975 | D:5      | Reached XP level 7. HP: 37/49 MP: 8/8
  4146 | D:5      | Reached skill level 2 in Alchemy
  4207 | D:5      | Reached skill level 2 in Conjurations
  4209 | D:5      | Reached skill level 2 in Air Magic
  4384 | D:5      | Reached skill level 5 in Fighting
  4391 | D:5      | Reached skill level 5 in Shapeshifting
  4562 | D:5      | Noticed Sigmund
  4575 | D:5      | Killed Sigmund
  4576 | D:5      | Reached skill level 6 in Shapeshifting
  4576 | D:5      | Reached XP level 8. HP: 55/55 MP: 6/9
  4887 | D:5      | Reached skill level 7 in Shapeshifting
  5633 | D:5      | Noticed Menkaure
  5638 | D:5      | Killed Menkaure
  5639 | D:5      | Reached skill level 3 in Alchemy
  5770 | D:6      | Reached skill level 6 in Fighting
  5865 | D:6      | Noticed Blork the orc
  5870 | D:6      | Killed Blork the orc
  6218 | D:6      | Found a runed translucent gate.
  6218 | D:6      | Found a runed translucent gate.
  6220 | D:6      | Found a runed translucent gate.
  6235 | D:6      | Reached skill level 4 in Unarmed Combat
  6235 | D:6      | Reached XP level 9. HP: 53/62 MP: 7/10
  6341 | D:6      | Noticed TerraPolaris's ghost (novice MiFi)
  6440 | D:6      | Reached skill level 3 in Conjurations
  6440 | D:6      | Reached skill level 3 in Air Magic
  6440 | D:6      | Reached skill level 4 in Alchemy
  7027 | D:4      | Bought a scroll of identify for 26 gold pieces
  7027 | D:4      | Bought a scroll of identify for 26 gold pieces
  7027 | D:4      | Bought a scroll of teleportation for 39 gold pieces
  7027 | D:4      | Bought a scroll of poison for 52 gold pieces
  7027 | D:4      | Bought a scroll of identify for 26 gold pieces
  7027 | D:4      | Bought a scroll of revelation for 97 gold pieces
  7027 | D:4      | Bought a scroll of fear for 52 gold pieces
  7027 | D:4      | Bought a scroll of enchant armour for 97 gold pieces
  7027 | D:4      | Bought a scroll of identify for 26 gold pieces
  7027 | D:4      | Bought a scroll of amnesia for 52 gold pieces
  7237 | D:7      | Found a flagged portal.
  7253 | D:7      | Reached skill level 5 in Unarmed Combat
  7420 | Bailey   | Entered a bailey
  7425 | Bailey   | Noticed an orc warlord
  7551 | Bailey   | Noticed an orc knight
  7560 | Bailey   | HP: 6/62 [orc knight/+0 war axe (16)]
  7585 | Bailey   | Killed an orc knight
  7586 | Bailey   | Reached skill level 6 in Unarmed Combat
  7587 | Bailey   | HP: 6/63 [gnoll/+0 hand axe (2)]
  7597 | Bailey   | Reached skill level 7 in Fighting
  7621 | Bailey   | Noticed an orc knight
  7691 | Bailey   | Noticed an orc knight
  7702 | Bailey   | Killed an orc knight
  7703 | Bailey   | Reached skill level 4 in Dodging
  7781 | Bailey   | Killed an orc knight
  7782 | Bailey   | Reached skill level 7 in Unarmed Combat
  7782 | Bailey   | Reached skill level 4 in Air Magic
  7782 | Bailey   | Reached XP level 10. HP: 53/71 MP: 6/11
  8066 | Bailey   | Found a runed translucent gate.
  8069 | Bailey   | Found a runed translucent gate.
  8071 | Bailey   | Found a runed translucent gate.
  8193 | Bailey   | Learned a level 3 spell: Tukima's Dance
  8398 | Bailey   | Killed an orc warlord
  8399 | Bailey   | Reached skill level 3 in Hexes
  8399 | Bailey   | Reached skill level 4 in Hexes
  8564 | Bailey   | Identified the staff of Zin's Favour {rElec rPois rF-
                  | Stlth- Air Earth}
  8566 | Bailey   | Acquired 722 gold pieces
  8638 | D:7      | Reached skill level 4 in Conjurations
  8647 | D:7      | Noticed Joseph
  8681 | D:7      | Identified the +4 ring mail of the Spider Nest {Int+2}
  8712 | D:7      | Noticed Jeremiah
  8981 | D:2      | Bought a +6 ring of intelligence for 504 gold pieces
  9237 | D:7      | Killed Jeremiah
  9238 | D:7      | Reached skill level 5 in Alchemy
  9500 | D:7      | Noticed Pikel
  9513 | D:7      | Killed Pikel
  9514 | D:7      | Reached skill level 5 in Hexes
  9514 | D:7      | Reached skill level 2 in Spellcasting
  9771 | D:7      | Killed Joseph
  9772 | D:7      | Reached skill level 3 in Spellcasting
 10013 | D:7      | Identified the +4 rapier of Supply {freeze, Dex+7}
 10325 | D:7      | Acquired the +0 mask of the Dragon {Will+ Slay+3 SInv}
 10325 | D:7      | Found the +0 mask of the Dragon {Will+ Slay+3 SInv}
 10474 | D:8      | Paralysed by a hornet for 3 turns
 10873 | D:8      | Reached skill level 6 in Hexes
 10890 | D:8      | Identified a potion of resistance
 11103 | D:8      | Reached skill level 1 in Evocations
 11366 | D:8      | Found Ofilen's Antique Armour Shop.
 11567 | D:9      | Noticed Erica
 11946 | D:9      | Reached XP level 11. HP: 57/75 MP: 12/15
 12036 | D:9      | Found a staircase to the Lair.
 12048 | D:9      | Reached skill level 2 in Evocations
 12352 | D:9      | Reached skill level 5 in Dodging
 12352 | D:9      | Reached skill level 3 in Evocations
 12644 | D:9      | Noticed a boulder beetle
 12670 | D:9      | Killed a boulder beetle
 12671 | D:9      | Reached skill level 8 in Fighting
 12791 | D:9      | Found a staircase to the Orcish Mines.
 12913 | D:9      | Killed Erica
 12914 | D:9      | Reached skill level 6 in Dodging
 13085 | D:9      | Learned a level 5 spell: Silence
 13105 | D:10     | Entered Level 10 of the Dungeon
 13116 | D:10     | Noticed Maurice
 13161 | D:9      | Paralysed by a hornet for 2 turns
 13651 | D:10     | Reached skill level 7 in Dodging
 13655 | D:10     | Reached skill level 5 in Air Magic
 13767 | D:10     | Noticed a two-headed ogre
 13776 | D:10     | Killed a two-headed ogre
 13777 | D:10     | Reached skill level 6 in Air Magic
 13825 | D:10     | Identified a +2 robe of resistance
 13825 | D:10     | Noticed Erolcha
 13835 | D:10     | Killed Erolcha
 14213 | D:10     | Maurice stole 56 poisoned darts
 14217 | D:10     | Killed Maurice
 14223 | D:10     | Reached skill level 8 in Unarmed Combat
 14334 | D:10     | Reached skill level 9 in Fighting
 14334 | D:10     | Reached XP level 12. HP: 75/85 MP: 13/16
 14460 | D:10     | Found a radiant altar of Vehumet.
 14461 | D:10     | Found a glowing silver altar of Zin.
 14462 | D:10     | Found a broken altar of Ashenzari.
 14747 | D:11     | Noticed a two-headed ogre
 15027 | Lair:1   | Entered Level 1 of the Lair of Beasts
 15291 | Lair:1   | Reached skill level 9 in Unarmed Combat
 15396 | Lair:1   | Noticed Amaemon
 15413 | Lair:1   | Noticed Sonja
 15414 | Lair:1   | Reached skill level 8 in Shapeshifting
 15418 | Lair:1   | Killed Amaemon
 15424 | Lair:1   | Killed Sonja
 15652 | Lair:1   | Noticed Nergalle
 15662 | Lair:1   | HP: 7/81 [cane toad (6)]
 15663 | Lair:1   | Killed Nergalle
 15664 | Lair:1   | Mangled by a cane toad

Vanquished Creatures
  An orc warlord (Bailey)
  Erolcha (D:10)
  Erica (D:9)
  A boulder beetle (D:9)
  Sonja (Lair:1)
  Nergalle (Lair:1)
  Amaemon (Lair:1)
  3 orc knights (Bailey)
  Pikel (D:7)
  Maurice (D:10)
  Joseph (D:7)
  A gargoyle (D:10)
  2 cane toads (Lair:1)
  A torpor snail (Lair:1)
  An orange demon (Lair:1)
  Jeremiah (D:7)
  A kobold demonologist (D:10)
  2 hornets
  Sigmund (D:5)
  2 vampires (D:9)
  9 yaks
  A wraith (D:9)
  A basilisk (Lair:1)
  A steam dragon (Lair:1)
  3 vampire mosquitoes (D:9)
  Menkaure (D:5)
  4 water moccasins
  3 orc warriors
  4 ice beasts
  6 black bears
  2 centaurs
  A lemure (D:7)
  A phantom (D:5)
  18 kobold brigands
  Blork the orc (D:6)
  4 bullfrogs
  2 scorpions
  6 killer bees (D:7)
  2 bombardier beetles
  6 hounds
  A sleepcap (D:5)
  A gnoll bouda (D:7)
  10 orc priests
  Jessica (D:2)
  2 iguanas
  Ijyb (D:4)
  Natasha (thrice) (D:2)
  Terence (D:2)
  8 orc wizards
  A hell rat (Lair:1)
  11 gnolls
  4 adders
  3 white imps
  2 ufetubi (D:6)
  3 dart slugs
  A ribbon worm (D:3)
  41 orcs
  6 ball pythons
  7 bats
  6 endoplasms
  4 giant cockroaches
  14 goblins
  12 hobgoblins
  4 jackals
  A quokka (D:4)
  3 frilled lizards
  21 kobolds
  7 rats
280 creatures vanquished.

Vanquished Creatures (collateral kills)
  A two-headed ogre (D:10)
1 creature vanquished.

Vanquished Creatures (others)
  3 dancing weapons
3 creatures vanquished.

Grand Total: 284 creatures vanquished

Table legend: (Time is in decaauts)
 A = Elapsed time spent in this place.
 B = Non-inter-level travel time spent in this place.
 C = Inter-level travel time spent in this place.
 D = Time resting spent in this place.
 E = Time spent auto-exploring this place.
 F = Levels seen in this place.
 G = Mean time per level.
                   A        B        C        D        E       F      G
               +--------+--------+--------+--------+--------+-----+--------+
         Total |  15603 |  14830 |    773 |   4840 |   7833 |  14 | 1114.5 |
       Dungeon |  13686 |  13050 |    636 |   4091 |   7170 |  11 | 1244.2 |
        Temple |    138 |      1 |    137 |      0 |      0 |   1 |  138.0 |
          Lair |    631 |    631 |      0 |    229 |    271 |   1 |  631.0 |
        Bailey |   1146 |   1146 |      0 |    520 |    392 |   1 | 1146.0 |
               +--------+--------+--------+--------+--------+-----+--------+

Top non-repeatable levels by time:
     D:5: 1964 daAuts
     D:9: 1866 daAuts
     D:7: 1625 daAuts
     D:6: 1479 daAuts
    D:10: 1359 daAuts
     D:8: 1283 daAuts
     D:3: 1222 daAuts
  Bailey: 1146 daAuts
     D:4: 1071 daAuts
     D:2: 900 daAuts
     D:1: 898 daAuts
  Lair:1: 631 daAuts
  Temple: 138 daAuts
    D:11: 16 daAuts

Table legend:
 A = Non-vault XP
 B = Vault XP
 C = Vault XP percentage of total XP
 D = Non-vault monster count
 E = Vault monster count
 F = Vault count percentage of total count
                 A         B        C        D         E       F
            +---------+---------+-------+---------+---------+-------
      Total |   11222 |   13432 |  54.5 |     183 |      97 |  34.6
            +---------+---------+-------+---------+---------+-------
        D:1 |      40 |       0 |   0.0 |      23 |       0 |   0.0
        D:2 |      95 |     119 |  55.6 |       9 |       9 |  50.0
        D:3 |      54 |      29 |  34.9 |      21 |      15 |  41.7
        D:4 |     179 |      36 |  16.7 |      14 |       1 |   6.7
        D:5 |     880 |     438 |  33.2 |      23 |       4 |  14.8
        D:6 |     778 |      96 |  11.0 |      13 |       1 |   7.1
        D:7 |     721 |    1418 |  66.3 |      18 |       3 |  14.3
        D:8 |     910 |       0 |   0.0 |      25 |       0 |   0.0
        D:9 |    2707 |    2017 |  42.7 |      20 |      10 |  33.3
       D:10 |    2663 |    3310 |  55.4 |       9 |      23 |  71.9
       D:11 |       0 |      14 | 100.0 |       0 |       1 | 100.0
     Lair:1 |    2195 |    2726 |  55.4 |       8 |       5 |  38.5
     Bailey |       0 |    3229 | 100.0 |       0 |      25 | 100.0
            +---------+---------+-------+---------+---------+-------
